 Dungeon Crawl Stone Soup version 0.18-a0-796-g4b90cf5 (webtiles) character file.

114 Arkorax the Skirmisher (level 4, 0/52 HPs)
             Began as an Ogre Fighter on Dec 14, 2015.
             Was an Initiate of Dithmenos.
             Slain by a gnoll
             ... wielding a +0 club
              (1 damage)
             ... on level 2 of the Dungeon.
             The game lasted 00:03:13 (2022 turns).

Arkorax the Skirmisher (Ogre Fighter)               Turns: 2022, Time: 00:03:13

Health: 0/52       AC:  3    Str: 21    XL:     4   Next: 97%
Magic:  4/4        EV: 10    Int:  7    God:    Dithmenos [......]
Gold:   91         SH:  0    Dex: 10    Spells: 0 memorised, 3 levels left

rFire  . . .     SeeInvis .     a - +0 flail
rCold  . . .     Clarity  .     b - +0 robe
rNeg   . . .     SustAt   .     (no shield)
rPois  .         Gourm    .     (helmet restricted)
rElec  .         Spirit   .     (no cloak)
rCorr  .         Dismiss  .     (gloves unavailable)
rMut   .         Stasis   .     (boots unavailable)
MR     .....                    (no amulet)
Stlth  ++........               (no ring)
                                e - ring of stealth

@: not resistant to hostile enchantments, unstealthy
A: unfitting armour, tough skin 1
a: Renounce Religion


You were on level 2 of the Dungeon.
You worshipped Dithmenos.
Dithmenos was noncommittal.
You were not hungry.

You visited 1 branch of the dungeon, and saw 2 of its levels.

You collected 91 gold pieces.

Inventory:

Hand Weapons
 a - a +0 flail (weapon)
Armour
 b - a +0 robe (worn)
 c - a +0 shield
Jewellery
 e - a ring of stealth (left hand)
Scrolls
 g - 2 scrolls of identify {unknown}
 h - a scroll of enchant weapon {unknown}
 i - a scroll of magic mapping {unknown}
 l - a scroll of amnesia {unknown}
 p - 3 scrolls of random uselessness {unknown}
Potions
 d - a potion of curing
 k - 2 potions of flight
 m - a potion of cure mutation {unknown}
 n - a potion of poison {unknown}
 q - 2 potions of brilliance {unknown}
Comestibles
 f - 4 bread rations
 j - a meat ration


   Skills:
 + Level 5.8 Fighting
 + Level 5.0 Maces & Flails
 - Level 2.6 Dodging
 - Level 2.6 Shields


You had 3 spell levels left.
You didn't know any spells.

Dungeon Overview and Level Annotations

Branches:
Dungeon (2/15)

Altars:
Dithmenos


Innate Abilities, Weirdness & Mutations

You are too large for most types of armour.
You have tough skin (AC +1).


Message History

You are too injured to fight recklessly!
Unknown command.
You are too injured to fight recklessly!
You are too injured to fight recklessly!
You are too injured to fight recklessly!
You are too injured to fight recklessly!
You are too injured to fight recklessly!
Unknown command.
Unknown command.
You hit the gnoll.
The gnoll is heavily wounded.
The rat barely misses you. The gnoll hits you with a club.
* * * LOW HITPOINT WARNING * * *
The gnoll barely misses you.
You hit the gnoll but do no damage.
The gnoll is heavily wounded.
The rat bites you.
* * * LOW HITPOINT WARNING * * *
The gnoll hits you with a club.
You die...

###..#.#####.# .............#
##.#.#.####### ############
##.#.#.# #.. ..#........#
##.#.#g# #.########.#.######.#
##.#.#g# #.##.......#.# #.#
.#.#)#.# #.##.##....#.# #.#
...#.#g# #.##.#.....#.# #.#
#..#.#.# #.##.#@r..)#.# #.#
..##.#.####.#..gg......# #.#
...................#.########.#
#.###..####.######.#..........#
#.# #..# #.# #.########.#.# ..#
##.# ##.# #.#....# #.#.# ..#
#># #..## #.#.##.# #.#.# #.#
#.# #.§§# #.#.##.# #.#.# ..#
#.# #.§§# #.#.##.# #.#.#


You could see 2 gnolls and a rat.

Vanquished Creatures
  Ijyb (D:2)
  Robin (D:2)
  An adder (D:2)
  A gnoll (D:2)
  2 worms (D:2)
  4 giant geckos
  2 giant cockroaches (D:1)
  14 goblins
  6 hobgoblins
  2 jackals (D:2)
  3 bats
  A giant newt (D:1)
  4 kobolds
  11 rats
53 creatures vanquished.

Notes
Turn   | Place    | Note
--------------------------------------------------------------
     0 | D:1      | Arkorax the Ogre Fighter began the quest for the Orb.
     0 | D:1      | Reached XP level 1. HP: 24/24 MP: 1/1
   131 | D:1      | Reached XP level 2. HP: 15/33 MP: 2/2
   597 | D:1      | Reached XP level 3. HP: 36/41 MP: 3/3
   725 | D:2      | Noticed Ijyb
   740 | D:2      | Killed Ijyb
   740 | D:2      | Reached skill level 5 in Fighting
   751 | D:2      | Found a shadowy altar of Dithmenos.
   792 | D:2      | Reached XP level 4. HP: 21/50 MP: 4/4
  1041 | D:2      | Became a worshipper of Dithmenos the Shadowed
  1238 | D:2      | Noticed Robin
  1274 | D:2      | Killed Robin
  2018 | D:2      | Reached skill level 5 in Maces & Flails
  2021 | D:2      | HP: 2/52 [gnoll/club (3)]
  2022 | D:2      | Slain by a gnoll

Vault maps used:
D:1:      minmay_arrival_checkered_box, serial_bayou_pond_e
D:2:      grunt_dithmenos_smoke, nicolae_overflow_quartered_altars, first_bread,
          glass_columns_a, minmay_misc_feat_x, uniq_robin, uniq_iyjb

Action                   |  1- 3 |  4- 6 || total
-------------------------+-------+-------++-------
Melee: Flail             |    89 |    84 ||   173
  Use: Potion            |       |     3 ||     3
  Eat: Chunk             |       |     4 ||     4
